AoeStats
← pit

Arabia

509771794Analyzed
1v1 RM · 5d ago on Sep 28, 2026· 73m 37s· 2 players
Game mode
Random Map
Map size
Tiny (2 player)
Population
200
Speed
Normal
Resources
Standard
Victory
Conquest
Starting age
Dark Age
Ending age
Imperial Age
RankedLock teamsTeams togetherTeam positionsShared explorationLock speedFull tech treeHidden civsTurbo modeCheats
Victory
Defeat
🇨🇱 Spanish · Chile
1174
+14
🇨🇦 Franks · Canada
1121
-14
pit
6:44 Loom
9:29 Feudal Age
10:57 Double-Bit Axe
20:03 Castle Age
18:55 Scale Barding Armor
19:09 Forging
18:59 Gold Mining
21:11 Chain Barding Armor
21:27 Iron Casting
21:40 Bow Saw
24:47 Husbandry
25:48 Fletching
25:49 Elite Skirmisher
28:07 Bodkin Arrow
28:12 Padded Archer Armor
30:53 Leather Archer Armor
35:39 Wheelbarrow
34:50 Town Watch
35:55 Iron Casting
35:22 Scale Mail Armor
35:33 Pikeman
36:13 Squires
36:01 Arson
37:05 Hand Cart
39:53 Imperial Age
37:42 Squires
40:56 Chain Mail Armor
41:41 Blast Furnace
40:20 Halberdier
43:05 Conscription
44:15 Chemistry
44:20 Town Patrol
45:05 Plate Mail Armor
48:16 Stone Mining
49:04 Gold Shaft Mining
50:04 Plate Barding Armor
49:28 Cavalier
51:25 Paladin
55:47 Light Cavalry
61:48 Capped Ram
64:50 Light Cavalry
Chris Snow
7:16 Loom
7:21 Loom
9:46 Feudal Age
10:43 Double-Bit Axe
10:40 Horse Collar
19:21 Castle Age
17:56 Stone Mining
17:58 Gold Mining
19:27 Bloodlines
21:05 Husbandry
25:25 Fervor
26:54 Stone Shaft Mining
26:31 Heavy Plow
28:43 Inquisition
29:24 Wheelbarrow
32:54 Redemption
35:05 Hand Cart
35:04 Town Watch
36:24 Scale Barding Armor
37:13 Forging
36:56 Light Cavalry
41:09 Imperial Age
39:42 Chain Barding Armor
40:42 Fletching
42:14 Bow Saw
42:28 Block Printing
42:39 Conscription
42:19 Hussar
44:44 Chemistry
44:39 Padded Archer Armor
45:19 Ballistics
46:30 Elite Conquistador
47:44 Bodkin Arrow
49:13 Town Patrol
50:40 Plate Barding Armor
51:20 Onager
54:23 Cavalier
60:25 Bracer
66:16 Pikeman
66:57 Squires
68:54 Iron Casting
71:08 Blast Furnace
Connection lost

Rejoining the realm…

Still unreachable

The connection could not be restored.

Session expired

The server has moved on; the page needs a fresh start.